 Dungeon Crawl Stone Soup version 0.23.2-33-g5129a83184 (webtiles) character file.

Game seed: 10967118954624118291

9041 psyvane the Martial Artist (level 11, -4/69 HPs)
             Began as an Octopode Transmuter on July 6, 2019.
             Was a Believer of Kikubaaqudgha.
             Slain by a spiny frog (24 damage)
             ... on level 1 of the Lair of Beasts.
             The game lasted 00:59:56 (15368 turns).

psyvane the Martial Artist (Octopode Transmuter)   Turns: 15368, Time: 00:59:57

Health: -4/69      AC:  3    Str: 11    XL:     11   Next: 40%
Magic:  13/14      EV: 15    Int: 19    God:    Kikubaaqudgha [**....]
Gold:   578        SH:  0    Dex: 14    Spells: 1/14 levels left

rFire    . . .     SeeInvis .     - Unarmed
rCold    . . .     Gourm    .   (no shield)
rNeg     . . .     Faith    .   n - +2 hat
rPois    .         Spirit   .   (no amulet)
rElec    .         Reflect  .   b - +3 ring of intelligence
rCorr    .         Harm     .   (no ring)
MR       .....                  (no ring)
Stlth    ++........             (no ring)
HPRegen  0.21/turn              (no ring)
MPRegen  0.14/turn              (no ring)
                                (no ring)
                                (no ring)

@: lethally poisoned (-4 -> -17), appendage
A: almost no armour, stealthy swim, amphibious, 8 rings, constrict 8, tentacle
spike 3, camouflage 1, gelatinous body 1
a: End Transformation, Receive Corpses, Renounce Religion


You were on level 1 of the Lair of Beasts.
You worshipped Kikubaaqudgha.
Kikubaaqudgha was pleased with you.
You were very hungry.
One of your tentacles had a temporary spike.
You visited 2 branches of the dungeon, and saw 11 of its levels.

You collected 763 gold pieces.
You spent 185 gold pieces at shops.

Inventory:

Missiles
 a - 261 arrows
Armour
 j - a +0 large shield
 n - a +2 hat (worn)
 v - a +1 hat
Jewellery
 b - a +3 ring of intelligence (left tentacle)
 G - an uncursed ring of magical power {unknown}
Wands
 k - a wand of flame (23)
 m - a wand of disintegration (16)
 y - a wand of clouds (5)
 A - a wand of digging (4)
 B - a wand of iceblast (6)
 C - a wand of scattershot (13)
Scrolls
 d - 3 scrolls of magic mapping {unknown}
 e - 2 scrolls of blinking {unknown}
 f - 5 scrolls of enchant armour {unknown}
 g - 6 scrolls of remove curse
 l - 2 scrolls of enchant weapon {unknown}
 o - 2 scrolls of fog {unknown}
 w - a scroll of noise {unknown}
 z - 4 scrolls of amnesia {unknown}
 D - a scroll of teleportation
 E - a scroll of acquirement {unknown}
Potions
 h - 2 potions of degeneration
 i - a potion of flight
 p - a potion of lignification
 q - 3 potions of mutation
 s - a potion of resistance {unknown}
 t - 2 potions of berserk rage
 u - a potion of brilliance {unknown}
 x - 2 potions of heal wounds
 F - a potion of curing
Comestibles
 c - 16 rations


   Skills:
 * Level 4.0 Fighting
 - Level 4.6 Dodging
 - Level 10.2 Unarmed Combat
 - Level 2.0 Spellcasting
 * Level 8.0 Hexes
 - Level 0.1 Necromancy
 - Level 5.7 Transmutations
 - Level 9.0 Ice Magic
 - Level 0.9 Poison Magic


You had one spell level left.
You knew the following spells:

 Your Spells              Type           Power        Failure   Level  Hunger
a - Beastly Appendage     Tmut           ###...       1%          1    #......
b - Spider Form           Tmut/Pois      ##........   13%         3    ###....
c - Ice Form              Ice/Tmut       ####....     9%          4    #####..
d - Metabolic Englaciati  Hex/Ice        ####......   14%         5    ######.

Your spell library contained the following spells:

 Spells                   Type           Power        Failure   Level  Hunger
 Confusing Touch          Hex            ####..       1%          1    #......
 Sting                    Conj/Pois      #...         14%         1    #......
 Pain                     Necr           #...         16%         1    #......
 Confuse                  Hex            ####....     1%          3    ###....
 Sticks to Snakes         Tmut           ###.....     2%          2    ###....
 Poisonous Vapours        Pois/Air       #.....       22%         2    ###....
 Corpse Rot               Necr           N/A          24%         2    ###....
 Sublimation of Blood     Necr           #.........   24%         2    ###....
 Yara's Violent Unravell  Hex/Tmut       ####......   28%         5    ######.
 Mephitic Cloud           Conj/Pois/Air  #.......     41%         3    ###....
 Blade Hands              Tmut           ###.......   41%         5    ######.
 Vampiric Draining        Necr           #.........   43%         3    ###....
 Gell's Gravitas          Tloc           #.........   45%         3    ###....
 Petrify                  Tmut/Erth      ##......     45%         4    #####..
 Ozocubu's Refrigeration  Ice            #####.....   54%         6    #######
 Olgreb's Toxic Radiance  Pois           #.......     75%         4    #####..
 Venom Bolt               Conj/Pois      #.........   98%         5    ######.
 Bolt of Cold             Conj/Ice       ###.......   99%         6    #######
 Simulacrum               Ice/Necr       ###.......   99%         6    #######
 Freezing Cloud           Conj/Ice/Air   ##........   100%        6    #######


Dungeon Overview and Level Annotations

Branches:
Dungeon (10/15)            Temple (0/1) D:6            Lair (1/6) D:10
    Orc (0/2) D:10

Altars:
Ashenzari
Elyvilon
Fedhas
Kikubaaqudgha
Makhleb
Ru
Sif Muna
Trog
Uskayaw
Vehumet
Xom
Yredelemnul
The Shining One

Shops:
D:5 !![}   D:7 *

Annotations:
D:2 1 runed translucent door, Crazy Yiuf
D:8 3 runed translucent doors, Thomus's ghost, novice MiBe
Lair:1 exclusion: oklob plant, Joseph


Innate Abilities, Weirdness & Mutations

You cannot wear most types of armour.
You are very stealthy in the water. (Stealth+)
You are amphibious.
You can wear up to eight rings at the same time.
You can use your tentacles to constrict eight enemies at once.
Your skin changes colour to match your surroundings (Stealth+).
Your rubbery body absorbs attacks. (AC +1, EV +1)
One of your tentacles bears a large vicious spike.


Message History

Casting: Beastly Appendage (safe; 1% risk of failure)
Confirm with . or Enter, or press ? or * to list all spells.
One of your tentacles grows a vicious spike.
You tentacle-slap the spiny frog but do no damage.
Your grab misses the spiny frog.
You pierce the spiny frog.
The spiny frog is lightly wounded.
The spiny frog stings you!!
You tentacle-slap the spiny frog. You grab the spiny frog.
You pierce the spiny frog, but do no damage.
The spiny frog is lightly wounded.
You constrict the spiny frog, but do no damage.
The spiny frog stings you!!
* * * LOW HITPOINT WARNING * * *
You are poisoned.
The spiny frog poisons you! The spiny frog stings you!
* * * LOW HITPOINT WARNING * * *
You feel much better.
You constrict the spiny frog.
You feel sick. The spiny frog stings you!!
You die...
Kikubaaqudgha rasps: "You have failed me!
Welcome... death!"

#......### #P.# ##
.....#.# ##.# ..#
.####..# ##.####..#
.# P.# #P.#.....#
##
##..#######.#.....#
#.....(..........#
..# #...#.###.#..#
P(.# #.## ####.#
..## #@# #.## #.F#
...# ##.. .......
###@ ####### .# # .
## .. .## .. ..#


You could see Joseph and a spiny frog.

Vanquished Creatures
  Gastronok (Lair:1)
  A two-headed ogre (D:8)
  Maurice (D:10)
  A centaur zombie (D:10)
  A komodo dragon (Lair:1)
  Grinder (D:3)
  5 hippogriffs
  A wraith (D:10)
  A steam dragon (D:10)
  A soldier ant (D:10)
  2 water moccasins (Lair:1)
  2 porcupines (Lair:1)
  4 orc warriors
  2 black bears
  3 sky beasts
  4 ice beasts
  5 ogres
  4 centaurs
  A crocodile (Lair:1)
  4 bullfrogs
  A water moccasin skeleton (D:7)
  3 killer bees (D:8)
  3 howler monkeys
  3 electric eels (D:9)
  3 crimson imps
  A quasit (D:7)
  2 bullfrog zombies
  2 orc priests (D:6)
  A gnoll shaman (D:4)
  3 hounds
  2 jellies
  A centaur skeleton (D:9)
  4 bullfrog skeletons
  2 iguanas
  8 orc wizards
  Natasha (thrice) (D:2)
  6 worker ants
  2 hound skeletons
  A worker ant zombie (D:6)
  3 gnolls
  14 adders
  5 shadow imps
  4 oozes
  An adder zombie (D:9)
  4 worms
  3 dart slugs
  4 leopard geckos
  38 orcs
  3 giant cockroaches
  7 goblins
  7 hobgoblins
  3 quokkas
  9 bats
  A frilled lizard (D:1)
  A jackal skeleton (D:7)
  4 kobolds
  2 leopard gecko skeletons
  A quokka zombie (D:5)
  9 rats
219 creatures vanquished.

Vanquished Creatures (others)
  2 plants (Lair:1)
2 creatures vanquished.

Grand Total: 221 creatures vanquished

Notes
Turn   | Place    | Note
-------+----------+-------------------------------------------
     0 | D:1      | psyvane the Octopode Transmuter began the quest for the
                  | Orb.
     0 | D:1      | Reached XP level 1. HP: 13/13 MP: 3/3
   164 | D:1      | Reached XP level 2. HP: 15/18 MP: 5/5
   279 | D:1      | Reached skill level 4 in Unarmed Combat
   303 | D:1      | Reached XP level 3. HP: 11/23 MP: 4/6
   664 | D:2      | Noticed Natasha
   671 | D:2      | Killed Natasha
   897 | D:2      | Learned a level 3 spell: Spider Form
  1013 | D:2      | Reached XP level 4. HP: 12/28 MP: 3/7
  1234 | D:2      | Noticed Natasha
  1249 | D:2      | Killed Natasha
  1273 | D:2      | Noticed Natasha
  1591 | D:2      | Found a runed translucent door.
  1592 | D:2      | Noticed Crazy Yiuf
  2205 | D:2      | Reached XP level 5. HP: 29/33 MP: 6/8
  2667 | D:2      | Killed Natasha
  3039 | D:3      | Learned a level 4 spell: Ice Form
  3090 | D:3      | Noticed Grinder
  3107 | D:3      | Killed Grinder
  3107 | D:3      | Reached skill level 5 in Transmutations
  3107 | D:3      | Reached skill level 1 in Ice Magic
  3107 | D:3      | Reached XP level 6. HP: 11/38 MP: 5/9
  3334 | D:3      | Found a basalt altar of Yredelemnul.
  3339 | D:3      | Found a radiant altar of Vehumet.
  4183 | D:3      | Reached XP level 7. HP: 43/43 MP: 3/10
  4978 | D:4      | Found an ancient bone altar of Kikubaaqudgha.
  5076 | D:4      | Became a worshipper of Kikubaaqudgha
  5114 | D:5      | Entered Level 5 of the Dungeon
  5184 | D:5      | Found a blossoming altar of Fedhas.
  5187 | D:5      | Found Cump's Gadget Shoppe.
  5354 | D:5      | Found a white marble altar of Elyvilon.
  5393 | D:5      | Found Gonteibo's Armour Emporium.
  5401 | D:5      | Found a shattered altar of Ashenzari.
  5425 | D:5      | Found Qoloeraf's Distillery.
  5428 | D:5      | Bought 2 potions of heal wounds for 120 gold pieces
  5686 | D:5      | Found Nebliyts's Distillery.
  5692 | D:5      | Bought a potion of heal wounds for 65 gold pieces
  5884 | D:6      | Reached skill level 5 in Ice Magic
  6035 | D:6      | Reached XP level 8. HP: 30/48 MP: 9/11
  6164 | D:6      | Reached skill level 5 in Unarmed Combat
  6783 | D:6      | Reached skill level 6 in Unarmed Combat
  7245 | D:6      | Found a staircase to the Ecumenical Temple.
  7295 | D:6      | Reached skill level 7 in Unarmed Combat
  7609 | D:7      | Found a deep blue altar of Sif Muna.
  7628 | D:7      | Found a shimmering altar of Xom.
  7700 | D:7      | Found Logegh's Assorted Antiques.
  7848 | D:7      | Noticed a hippogriff
  7855 | D:7      | Killed a hippogriff
  7855 | D:7      | Reached skill level 8 in Unarmed Combat
  7855 | D:7      | Reached XP level 9. HP: 52/53 MP: 7/12
  8139 | D:7      | Reached skill level 9 in Unarmed Combat
  8141 | D:7      | Reached * piety under Kikubaaqudgha
  8141 | D:7      | Identified Kikubaaqudgha's Incunabulum of Evil Rituals
                  | (Kikubaaqudgha gifted it to you on level 7 of the Dungeon)
  8141 | D:7      | Received a gift from Kikubaaqudgha
  8665 | D:8      | Reached skill level 10 in Unarmed Combat
  9127 | D:8      | Noticed a moth of wrath
  9149 | D:8      | Found a glowing golden altar of the Shining One.
  9195 | D:8      | Found a runed translucent gate.
  9195 | D:8      | Found a runed translucent gate.
  9195 | D:8      | Found a runed translucent gate.
  9197 | D:8      | Noticed Thomus's ghost (novice MiBe)
 10036 | D:8      | Found a bloodstained altar of Trog.
 10037 | D:8      | Found the cursed +13 scythe of Curses {drain, *Curse}
 10165 | D:9      | Noticed a two-headed ogre
 10561 | D:8      | Killed a two-headed ogre
 10561 | D:8      | Reached XP level 10. HP: 58/58 MP: 8/13
 10957 | D:9      | Reached ** piety under Kikubaaqudgha
 11040 | D:9      | Learned a level 5 spell: Metabolic Englaciation
 11369 | D:9      | Found a sacrificial altar of Ru.
 11372 | D:9      | Found a hide-covered altar of Uskayaw.
 11375 | D:9      | Found a burning altar of Makhleb.
 11378 | D:9      | Found a shimmering altar of Xom.
 11408 | D:9      | Reached skill level 1 in Hexes
 12624 | D:10     | Entered Level 10 of the Dungeon
 12797 | D:10     | Found a staircase to the Orcish Mines.
 12883 | D:10     | HP: 2/69 [orc warrior/+0 dire flail (17)]
 13363 | D:10     | Reached skill level 5 in Hexes
 13409 | D:10     | Found a staircase to the Lair.
 14287 | D:10     | Noticed Maurice
 14320 | D:10     | Killed Maurice
 14320 | D:10     | Reached XP level 11. HP: 63/63 MP: 9/14
 14387 | Lair:1   | Entered Level 1 of the Lair of Beasts
 14518 | Lair:1   | Noticed Gastronok
 14534 | Lair:1   | Killed Gastronok
 15145 | Lair:1   | Noticed an oklob plant
 15364 | Lair:1   | Noticed Joseph
 15368 | Lair:1   | Slain by a spiny frog

Skill      XL: |  1  2  3  4  5  6  7  8  9 10 11 |
---------------+----------------------------------+-----
Unarmed Combat | 4 8 10 | 10.2
Transmutations | 3 5 |  5.7
Ice Magic      | 1 5 8 9 |  9.0
Hexes          | 6 8 |  8.0
Dodging        | 4 |  4.6
Fighting       | 4 |  4.0
Spellcasting   | |  2.0
Necromancy     | |  0.1
Poison Magic   | |  0.9

Action                   |  1- 3 |  4- 6 |  7- 9 | 10-12 || total
-------------------------+-------+-------+-------+-------++-------
Melee: Unarmed           |    51 |    96 |   278 |   224 ||   649
       Constrict         |    14 |    16 |    22 |    20 ||    72
       Tentacles         |     7 |     6 |    15 |    15 ||    43
       Punch             |     2 |       |     1 |     8 ||    11
       Kick              |     3 |    13 |    25 |    23 ||    64
 Cast: Beastly Appendage |     5 |    19 |    26 |    19 ||    69
       Spider Form       |       |    10 |     9 |     7 ||    26
       Ice Form          |       |       |    20 |    18 ||    38
       Metabolic Englaci |       |       |       |     1 ||     1
 Abil: End Transformatio |       |       |     1 |       ||     1
Evoke: Wand              |       |       |     1 |       ||     1
  Use: Scroll            |     2 |     2 |     8 |     4 ||    16
       Potion            |       |     1 |    10 |     6 ||    17
 Stab: Sleeping          |     1 |     6 |     1 |       ||     8
       Distracted        |       |       |     1 |       ||     1
  Eat: Chunk             |       |    12 |    19 |    17 ||    48
       Ration            |       |       |     2 |     1 ||     3
Armor: Skin              |     3 |     9 |    51 |    20 ||    83
Dodge: Dodged            |    29 |    58 |   202 |   105 ||   394
